Quickblade, chaotic female elven Rogue -------- --- ......|---- |.-- ....|%!+| |..| ...|?!(| |..| -----..|...| --+---+--..| |(..|..--|---+-.........-- |((.-.............-----).| - -- . ----- |(..|......--+-...| |..-- - ...| -. |(((|+------..{..(| |...+ |...---- ..... +. |(((|.............| |...| |..........- |.. |...|-+-.....---|-------------.|.>....--- --...--|-| |..-+-|.......@'............---- |........| |..| |----..@.---------.|..| | #.....----..| |%%.-.)).|....[.|| ---- -....{........| |.@.|..(.-....[.| -..|....#.....--------....|......| .. --.....................-------- -..........----....------......| |.........-- ---..| |.......| ------.|..| |..| --.------ ------ ---- --- Quickblade the Rogue Experience level: 7 Strength: 15 Dexterity: 18 Constitution: 14 Intelligence: 9 Wisdom: 11 Charisma: 9 Health: 0(47) Energy: 27(27) Def: 8 Gold: 101 Moves: 3815 Dungeon seed: TjgB-JbZGb6WFlEj Game ID: Quickblade_1437366901 Your Inventory: Coins $ - 101 gold pieces Weapons a - a +0 elven short sword i - the +2 Dragonbane (alternate weapon; not wielded) t - 8 +0 elven daggers (wielded) Armor e - an uncursed +1 leather armor (being worn) q - a blessed +1 dwarvish iron helm (being worn) y - an uncursed +0 pair of iron shoes (being worn) R - a blessed +0 dwarvish cloak (being worn) Comestibles p - an uncursed sprig of wolfsbane Wands C - a wand of sleep (0:8) D - a wand of magic missile (0:5) Tools d - an uncursed lock pick f - an uncursed sack g - an uncursed blindfold h - an uncursed sack s - a blessed bag of holding w - an uncursed oil lamp (0:1384) I - 6 cursed tallow candles (0:200) N - a blessed partly used wax candle (0:105) P - an uncursed pair of lenses (being worn) Q - an uncursed magic whistle X - an uncursed towel Gems n - an uncursed luckstone z - an uncursed flint stone Contents of the bag of holding: an uncursed scroll of confuse monster an uncursed scroll of create monster a cursed scroll of destroy armor an uncursed scroll of enchant armor an uncursed scroll of enchant weapon an uncursed scroll of fire an uncursed scroll of gold detection an uncursed scroll of remove curse an uncursed scroll of scare monster a blessed scroll of taming an uncursed scroll of teleportation an uncursed scroll of water an uncursed potion of fruit juice an uncursed potion of healing a potion of holy water a cursed potion of paralysis a blessed potion of restore ability 2 uncursed potions of sickness an uncursed potion of sleeping a cursed ring of hunger 7 uncursed tallow candles (0:200) Spells and supernatural/magical abilities: Name Level Category Fail Memory W - pray for help -- divine ? -- Your skills at the end: Fighting Skills Weapon Skills dagger [Basic] short sword [Basic] broadsword [Skilled] Spellcasting Skills Final Attributes: You were piously aligned. You were sleep resistant. You were telepathic. You had infravision. You were stealthy. You were held by a rope golem. You were lucky. You had extra luck. Bad luck did not time out for you. Good luck did not time out for you. You are dead. Vanquished creatures: 2 small mimics 2 dwarf lords 2 human zombies 9 gnome lords a gnomish wizard 2 giant ants 2 floating eyes 12 dwarves a kobold lord 2 centipedes a wererat an iguana 2 acid blobs 4 coyotes a gas spore a hobbit 4 giant rats a red mold 35 gnomes 2 garter snakes a gnome zombie 5 jackals a goblin 2 sewer rats 3 grid bugs 2 lichens 2 newts 103 creatures vanquished. Voluntary challenges: You had been an atheist until turn 1843. You used a wielded weapon 148 times, starting on turn 112. You read items or engraved 2 times, starting on turn 1440. You never genocided any monsters. You never polymorphed an object. You never changed form. You used no wishes. You never split a pudding. You wrote Elbereth's name 1 time, starting on turn 3815. You never violated your personal moral code. You abstained from Elbereth's help. Dungeon overview: The Dungeons of Doom: levels 1 to 3 Level 1 a long staircase Level 2 a general store, a fountain, a sink stairs to The Gnomish Mines Level 3 a scroll shop, a fountain The Gnomish Mines: levels 3 to 7 Level 3 stairs to The Dungeons of Doom Level 4 Level 5 Level 6 <- You were here many shops, a temple to Kos, some fountains, some trees Level 7 History has recorded: On T:1 you entered the Dungeons of Doom to retrieve the Amulet of Yendor! On T:37 you reached level 2 of The Dungeons of Doom. On T:577 you advanced to experience level 2. On T:637 you reached level 3 of The Dungeons of Doom. On T:703 you advanced to experience level 3. On T:1483 you reached level 1 of The Gnomish Mines. On T:1508 you advanced to experience level 4. On T:1607 you advanced to experience level 5. On T:2173 you reached level 2 of The Gnomish Mines. On T:2244 you advanced to experience level 6. On T:2739 you reached level 3 of The Gnomish Mines. On T:3220 you reached level 5 of The Gnomish Mines. On T:3266 you advanced to experience level 7. On T:3352 you reached level 4 of The Gnomish Mines. Score breakdown: Gold: 101 ( 10 points) Experience: 7 levels ( 600 points) Exploration: 7 levels ( 180 points) Discoveries: 11 items ( 550 points) Variety of kills: 27 monsters ( 1350 points) Major goal: (nothing yet) ( 0 points) Survival: died (score multiplied by 3) Total score: 8070 Latest messages: You feel that Kos is well-pleased. You feel much better. You write in the dust with your fingers. The werewolf hits! The rope golem misses. The rope golem hits! You are being choked. You die... Final status: Goodbye Quickblade the Rogue, killed by a rope golem... You died in The Gnomish Mines on dungeon level 6 with 8070 points, and 101 pieces of gold, after 3815 moves. You were level 7 with a maximum of 47 hit points when you died.